 Dungeon Crawl Stone Soup version 0.30.1-3-gfc49f6343a (webtiles) character file.

Game seed: 3637908225393998772

44 CaptainMV the Chopper (level 3, -2/26 HPs)
             Began as a Demonspawn Wanderer on July 25, 2023.
             Splashed by a jelly's acid (10 damage)
             ... on level 2 of the Dungeon.
             The game lasted 00:06:20 (537 turns).

CaptainMV the Chopper (Demonspawn Wanderer)          Turns: 537, Time: 00:06:21

Health: -2/26      AC:  0    Str: 16    XL:     3   Next: 41%
Magic:  1/4        EV: 10    Int: 14    God:
Gold:   68         SH:  6    Dex: 11    Spells: 3/4 levels left

rFire   . . .        a - +3 hand axe
rCold   . . .        g - +3 warlock's mirror {omnireflect}
rNeg    . . .        c - +1 leather armour
rPois   .            (no helmet)
rElec   .            (no cloak)
rCorr   .            (no gloves)
SInv    .            (no boots)
Will    .....        (no amulet)
Stlth   ++           (no ring)
HPRegen 0.24/turn    (no ring)
MPRegen 0.09/turn

%: reflection
@: corroded
A: thin skeletal structure 1, ignite blood 1
a: no special abilities


You were on level 2 of the Dungeon.
You visited 1 branch of the dungeon, and saw 2 of its levels.

You collected 68 gold pieces.

Inventory:

Hand Weapons
 a - a +3 hand axe (weapon)
Armour
 c - a +1 leather armour (worn)
 g - the +3 warlock's mirror (worn) {omnireflect}
   (You acquired it on level 1 of the Dungeon)

   Omnireflect: It can block and reflect piercing ranged attacks and magical
   attacks against the wielder's willpower.
Potions
 b - a potion of lignification
 d - 2 potions of attraction
 e - a potion of curing {unknown}
 f - 2 potions of mutation


   Skills:
 + Level 1.2 Fighting
 + Level 4.0 Axes
 + Level 0.6 Armour
 + Level 1.3 Spellcasting
 + Level 3.5 Conjurations
 + Level 0.2 Air Magic
 + Level 1.0 Evocations


You had 3 spell levels left.
You knew the following spells:

 Your Spells              Type           Power      Damage    Failure   Level
a - Shock                 Conj/Air       24%        1d4       21%         1

Your spell library contained the following spells:

 Spells                   Type           Power      Damage    Failure   Level
 Hailstorm                Conj/Ice       5%         3d4       52%         3


Dungeon Overview and Level Annotations

Branches:
Dungeon (2/15)

Altars:


Innate Abilities, Weirdness & Mutations

You have a somewhat thin skeletal structure. (Dex +2, Stealth+)
Your demonic aura sometimes causes spilled blood to erupt in flames.


Message History

You slash the endoplasm!
You kill the endoplasm!
Found a robe.
You now have 68 gold pieces (gained 4).
A jelly comes into view.
Casting: Shock (safe; 21% risk of failure)
Confirm with . or Enter, or press ? or * to list all spells.
Aiming: Shock (safe; 21% risk of failure)
Press: ? - help, Shift-Dir - straight line, f - jelly
Aim: a jelly (asleep, 100% to hit)
The zap hits the jelly.
The jelly is lightly wounded.
The jelly quivers.
Casting: Shock (safe; 21% risk of failure)
Confirm with . or Enter, or press ? or * to list all spells.
Aiming: Shock (safe; 21% risk of failure)
Press: ? - help, Shift-Dir - straight line, f/p - jelly
Aim: a jelly (lightly wounded, 100% to hit)
The zap hits the jelly.
The jelly is lightly wounded.
Casting: Shock (safe; 21% risk of failure)
Confirm with . or Enter, or press ? or * to list all spells.
Aiming: Shock (safe; 21% risk of failure)
Press: ? - help, Shift-Dir - straight line, f/p - jelly
Aim: a jelly (lightly wounded, 100% to hit)
The zap hits the jelly.
The jelly is moderately wounded.
You slash the jelly!
Your hands burn!
The jelly is almost dead.
The jelly closely misses you.
You hit the jelly but do no damage. The acid corrodes you!
Your hands burn!
The jelly is almost dead.
You block the jelly's attack.
You hit the jelly but do no damage.
Your hands burn!
The jelly is almost dead.
The jelly closely misses you.
You barely miss the jelly.
The jelly is almost dead.
You block the jelly's attack. The jelly hits you.
You are splashed with acid!
You die...

# ##.#.#. #######
###....... #.....#
#.@J...... ###.#
#.###.##......
#.#.###.....# .#.##
#.#[#.......###...
#............... ..
#.#...>..........
..
#............#.## #
####.............
#####.#.#.##..###..


You could see a jelly.

Vanquished Creatures
  An adder (D:2)
  A worm (D:2)
  4 ball pythons (D:1)
  3 bats (D:1)
  6 endoplasms
  3 giant cockroaches (D:1)
  4 goblins (D:1)
  2 hobgoblins (D:1)
  3 rats (D:1)
27 creatures vanquished.

Notes
Turn   | Place    | Note
-------+----------+-------------------------------------------
     0 | D:1      | CaptainMV the Demonspawn Wanderer began the quest for the
                  | Orb.
     0 | D:1      | CaptainMV set off with the following items: a +3 hand axe,
                  | a potion of lignification, a +0 leather armour; and the
                  | following spell memorised: Shock; and the following spells
                  | available to memorise: Hailstorm.
     0 | D:1      | Reached XP level 1. HP: 15/15 MP: 2/2
    66 | D:1      | Gained mutation: Your demonic aura sometimes causes spilled
                  | blood to erupt in flames. [demonic ancestry]
    66 | D:1      | Reached XP level 2. HP: 21/21 MP: 1/3
   363 | D:1      | Reached skill level 4 in Axes
   373 | D:1      | Gained mutation: You have a somewhat thin skeletal
                  | structure. (Dex +2, Stealth+) [demonic ancestry]
   373 | D:1      | Reached XP level 3. HP: 26/26 MP: 0/4
   379 | D:1      | Identified a scroll of acquirement
   379 | D:1      | Acquired the +3 warlock's mirror {omnireflect}
   379 | D:1      | Found the +3 warlock's mirror {omnireflect}
   537 | D:2      | Splashed by a jelly's acid

Illustrated notes

Levels and vault maps discovered:
D:1:      evilmike_arrival_crescent, layout_rooms
D:2:      kennysheep_big_flooded_room, layout_basic, serial_shops,
          nicolae_shop_tiny_real_fake_doors, uniq_terence

Skill      XL: |  1  2 |
---------------+-------+-----
Axes           | 4 |  4.0
Fighting       | |  1.2
Armour         | |  0.6
Spellcasting   | |  1.3
Conjurations   | |  3.5
Air Magic      | |  0.2
Evocations     | |  1.0

Action                     || total
---------------------------++-------
  Melee: Hand axe          ||    60
         Punch             ||     1
   Cast: Shock             ||    20
    Use: Scroll            ||     5
 Armour: Leather armour    ||    12
  Dodge: Dodged            ||    29
  Block: Buckler           ||     2
